 Dungeon Crawl Stone Soup version 0.31-a0-229-g1fc7ce93e2 (webtiles) character file.

Game seed: 13404277414150025406

46 qw the Shooter (level 3, -1/29 HPs)
             Began as a Minotaur Hexslinger on July 6, 2023.
             Shot with an arrow by a centaur (8 damage)
             ... on level 3 of the Dungeon.
             The game lasted 00:00:30 (1747 turns).

qw the Shooter (Minotaur Hexslinger)                Turns: 1747, Time: 00:00:30

Health: -1/29      AC:  5    Str: 12    XL:     3   Next: 44%
Magic:  3/3        EV: 11    Int: 10    God:
Gold:   91         SH:  0    Dex: 14    Spells: 3/4 levels left

rFire   . . .        Y - +1 sling
rCold   . . .        (no shield)
rNeg    . . .        g - +0 ring mail
rPois   .            (helmet restricted)
rElec   .            (no cloak)
rCorr   .            (no gloves)
SInv    .            (no boots)
Will    .....        (no amulet)
Stlth   +            (no ring)
HPRegen 0.24/turn    (no ring)
MPRegen 0.08/turn

%: no passive effects
@: no status effects
A: horns 2, retaliatory headbutt
a: no special abilities


You were on level 3 of the Dungeon.
You visited 1 branch of the dungeon, and saw 3 of its levels.

You collected 91 gold pieces.


Innate Abilities, Weirdness & Mutations

You have a pair of horns on your head.
You reflexively headbutt those who attack you in melee.


   Skills:
 - Level 2.0 Fighting
 - Level 4.0 Ranged Weapons
 + Level 0.2 Armour
 - Level 2.1 Dodging
 - Level 1.0 Spellcasting
 - Level 2.0 Hexes


You had 3 spell levels left.
You knew the following spells:

 Your Spells              Type           Power      Damage    Failure   Level
a - Slow                  Hex            16%        N/A       34%         1

Your spell library contained the following spells:

 Spells                   Type           Power      Damage    Failure   Level
 Inner Flame              Hex/Fire       2%         N/A       83%         3
 Portal Projectile        Hex/Tloc       4%         N/A       83%         3
 Cause Fear               Hex            2%         N/A       98%         4

Inventory:

Hand Weapons
 Y - a +1 sling (weapon)
Armour
 g - a +0 ring mail (worn)
Jewellery
 c - a ring of flight
Scrolls
 a - a scroll of teleportation
 h - a scroll of identify
 i - a scroll of blinking {unknown}
Potions
 b - a potion of haste {unknown}
 d - a potion of brilliance {unknown}
 e - 2 potions of curing
 f - 2 potions of might
 j - 2 potions of degeneration {unknown}

Dungeon Overview and Level Annotations

Branches:
Dungeon (3/15)

Altars:
Cheibriados

Shops:
D:2 (


Message History

The sling bullet hits the kobold but does no damage.
The kobold throws a stone.
The stone completely misses you.
You shoot a sling bullet.
The sling bullet barely misses the kobold.
The kobold throws a stone.
The stone closely misses you.
You shoot a sling bullet. The sling bullet hits the kobold.
You kill the kobold!
Things that are here:
a +1 dagger of speed; 2 stones; a kobold corpse
Enter note: You now have 80 gold pieces (gained 12).
j - 2 fizzy blue potions
Enter note: You now have 91 gold pieces (gained 11).
A centaur comes into view.
Found a long sword.
The centaur shouts!
The centaur wields a +0 shortbow.
The centaur shoots an arrow.
The arrow barely misses you.
The centaur shoots an arrow.
The arrow hits you!
Enter note: You shoot a sling bullet.
The sling bullet hits the centaur.
The centaur is lightly wounded.
The centaur shoots an arrow.
The arrow hits you.
You shoot a sling bullet. The sling bullet hits the centaur.
The centaur is moderately wounded.
The centaur shoots an arrow.
The arrow closely misses you.
You shoot a sling bullet.
The sling bullet hits the centaur but does no damage.
The centaur is moderately wounded.
The centaur shoots an arrow.
The arrow closely misses you.
The centaur shoots an arrow.
The arrow hits you.
You shoot a sling bullet.
The sling bullet barely misses the centaur.
The centaur shoots an arrow.
The arrow hits you but does no damage.
You shoot a sling bullet.
The sling bullet hits the centaur but does no damage.
The centaur is moderately wounded.
The centaur shoots an arrow.
The arrow hits you!
The centaur shoots an arrow.
The arrow hits you!
You die...

... #.#...#.## #.##
#.# .
#.##.#.#.###..# #.#
#.##..###...#.#
#.######
#.####.#.##.#.#
#......# #.#
##.###.#.# ######.#
..# #.# #.#.# #.#
## ##.###.#.# #.#
#........# #.#
#.@###.####### #.#
).c.....#.........#
#.#
#######.#..######.#
#.# #.#..# #.# #.#
#.#..# #.# #.#
#.#..# #.# #.#
#.#..######.####.#
#.#..............#
##.##.##..######


You could see a centaur.

Vanquished Creatures
  An adder (D:3)
  3 dart slugs
  A ball python (D:2)
  6 bats
  4 endoplasms (D:1)
  A giant cockroach (D:1)
  3 goblins
  A hobgoblin (D:3)
  A kobold (D:3)
  2 quokkas
  A frilled lizard (D:2)
  3 rats
27 creatures vanquished.

Notes
Turn   | Place    | Note
-------+----------+-------------------------------------------
     0 | D:1      | qw the Minotaur Hexslinger began the quest for the Orb.
     0 | D:1      | Reached XP level 1. HP: 16/16 MP: 1/1
     0 | D:1      | 0 ||| qw: Version: 0.3-a-46-gb1f654a
     0 | D:1      | 0 ||| qw: Game counter: 1211
     0 | D:1      | 0 ||| qw: Melee chars always use a shield: true
     0 | D:1      | 0 ||| qw: God list: Okawaru
     0 | D:1      | 0 ||| qw: Allow faded altars: false
     0 | D:1      | 0 ||| qw: Do Orc after clearing Dungeon:15 true
     0 | D:1      | 0 ||| qw: Do second Lair branch before Depths: true
     0 | D:1      | 0 ||| qw: Lair rune preference: random
     0 | D:1      | 0 ||| qw: Goals: Normal
     0 | D:1      | 0 ||| PLANNING D:1-11
   288 | D:1      | Reached skill level 3 in Ranged Weapons
   320 | D:1      | Reached XP level 2. HP: 23/23 MP: 2/2
   782 | D:1      | 782 ||| UPGRADING to +0 ring mail.
   792 | D:1      | 792 ||| DROPPING +0 robe.
   793 | D:1      | 793 ||| READING scroll labelled DIREYLE YSE GUMU.
   794 | D:1      | 794 ||| READING scroll labelled MISHRU HEIGYPPUDIO.
   795 | D:1      | 795 ||| READING scroll labelled XIKHLU XYTEM.
   796 | D:1      | 796 ||| READING scroll labelled PURCHOI ASYIKH.
   797 | D:1      | 797 ||| DRINKING 2 brown potions.
   798 | D:1      | 798 ||| DROPPING scroll of poison.
   894 | D:2      | Found a snail-covered altar of Cheibriados.
   996 | D:2      | Found Tuethryffu's Antique Weapon Shop.
  1159 | D:2      | 1159 ||| FLEEEEING.
  1162 | D:2      | 1162 ||| FLEEEEING.
  1163 | D:2      | 1163 ||| FLEEEEING.
  1173 | D:2      | 1173 ||| STAIRDANCE
  1182 | D:1      | 1182 ||| READING scroll labelled HONGOQOPERCH.
  1186 | D:1      | 1186 ||| READING scroll labelled LEOROSK UNOEL.
  1187 | D:1      | 1187 ||| DRINKING 3 puce potions.
  1309 | D:2      | Reached XP level 3. HP: 29/29 MP: 3/3
  1600 | D:3      | Reached skill level 4 in Ranged Weapons
  1742 | D:3      | Noticed a centaur
  1747 | D:3      | HP: 7/29 [centaur/arrow (7)]
  1747 | D:3      | Shot with an arrow by a centaur

Levels and vault maps discovered:
D:1:      amcnicky_arrival_choice, layout_loops_corners
D:2:      layout_loops_ring, serial_shops, nicolae_shop_tiny_real_fake_doors,
          basic_altar
D:3:      layout_loops_ring, gammafunk_ghost_grave,
          ebering_ecumenical_altar_webs, kennysheep_crisscross, uniq_sigmund

Skill      XL: |  1  2  3 |
---------------+----------+-----
Ranged Weapons | 3 4 |  4.0
Fighting       | 2 |  2.0
Armour         | |  0.2
Dodging        | |  2.1
Spellcasting   | |  1.0
Hexes          | |  2.0

Action                     || total
---------------------------++-------
   Fire: Sling             ||    86
    Use: Scroll            ||     6
         Potion            ||     2
 Armour: Robe              ||     5
         Ring mail         ||    11
  Dodge: Dodged            ||    29

Table legend:
 A = Non-vault XP
 B = Vault XP
 C = Vault XP percentage of total XP
 D = Non-vault monster count
 E = Vault monster count
 F = Vault count percentage of total count
                 A         B        C        D         E       F
            +---------+---------+-------+---------+---------+-------
      Total |      66 |       0 |   0.0 |      27 |       0 |   0.0
            +---------+---------+-------+---------+---------+-------
        D:1 |      32 |       0 |   0.0 |      15 |       0 |   0.0
        D:2 |      17 |       0 |   0.0 |       9 |       0 |   0.0
        D:3 |      17 |       0 |   0.0 |       3 |       0 |   0.0
            +---------+---------+-------+---------+---------+-------
